 Dungeon Crawl Stone Soup version 0.29.1-15-g9cfb28693d (webtiles) character file.

Game seed: 4919399420374986717

173 Atelerd the Digger (level 5, -3/31 HPs)
             Began as an Octopode Earth Elementalist on May 1, 2023.
             Slain by Ijyb
             ... wielding a +0 club
              (7 damage)
             ... on level 3 of the Dungeon.
             The game lasted 00:02:47 (2456 turns).

Atelerd the Digger (Octopode Earth Elementalist)    Turns: 2456, Time: 00:02:48

Health: -3/31      AC:  1    Str:  7    XL:     5   Next: 53%
Magic:  1/9        EV: 13    Int: 19    God:
Gold:   153        SH:  0    Dex: 13    Spells: 5/10 levels left

rFire   + . .      SeeInvis .   j - +0 short sword
rCold   . . .      Faith    .   (no shield)
rNeg    . . .      Spirit   .   (helmet restricted)
rPois   .          Reflect  .   (no amulet)
rElec   .          Harm     .   i - ring of protection from fire
rCorr   .          Rampage  .   (no ring)
Will    .....                   (no ring)
Stlth   +++.......              (no ring)
HPRegen 0.10/turn               (no ring)
MPRegen 0.11/turn               (no ring)
                                (no ring)
                                (no ring)

@: no status effects
A: almost no armour, amphibious, 8 rings, camouflage 1, gelatinous body 1,
(nimble swimmer 1), tentacles
a: no special abilities


You were on level 3 of the Dungeon.
You visited 1 branch of the dungeon, and saw 3 of its levels.

You collected 153 gold pieces.

Inventory:

Hand Weapons
 j - a +0 short sword (weapon)
Jewellery
 i - a ring of protection from fire (left tentacle)
Scrolls
 c - a scroll of brand weapon {unknown}
 d - a scroll of fear {unknown}
 f - a scroll of teleportation {unknown}
 g - a scroll of summoning {unknown}
 k - a scroll of identify {unknown}
 l - a scroll of blinking {unknown}
 m - a scroll of noise {unknown}
 n - a scroll of amnesia {unknown}
Potions
 a - a potion of magic
 b - a potion of cancellation
 e - a potion of brilliance {unknown}


   Skills:
 - Level 0.1 Fighting
 - Level 0.1 Short Blades
 + Level 2.3 Dodging
 + Level 3.0 Stealth
 + Level 3.0 Spellcasting
 + Level 2.0 Transmutations
 + Level 4.8 Earth Magic


You had 5 spell levels left.
You knew the following spells:

 Your Spells              Type           Power      Damage    Failure   Level
a - Sandblast             Erth           42%        2d11      1%          1
b - Petrify               Tmut/Erth      15%        N/A       36%         4

Your spell library contained the following spells:

 Spells                   Type           Power      Damage    Failure   Level
 Passwall                 Tmut/Erth      12%        N/A       5%          2
 Stone Arrow              Conj/Erth      24%        3d8       17%         3


Dungeon Overview and Level Annotations

Branches:
Dungeon (3/15)

Altars:

Shops:
D:1 !

Annotations:
D:2 exclusion: downstairs
D:3 Grinder, Ijyb, Terence


Innate Abilities, Weirdness & Mutations

You cannot wear most types of armour.
You are amphibious.
You can wear up to eight rings at the same time.
Your skin changes colour to match your surroundings (Stealth+).
Your rubbery body absorbs attacks. (AC +1, EV +1)
((You are camouflaged when in or above water. (Stealth+)))
You have tentacles for arms and can constrict up to eight enemies at once.


Message History

You closely miss Ijyb.
Ijyb is heavily wounded.
Ijyb hits you but does no damage.
You hit Ijyb but do no damage.
Ijyb is heavily wounded.
Ijyb hits you but does no damage.
You closely miss Ijyb.
Ijyb is heavily wounded.
Ijyb hits you but does no damage. x2
You hit Ijyb but do no damage.
Ijyb is heavily wounded.
Ijyb hits you but does no damage.
You hit Ijyb but do no damage.
Ijyb is heavily wounded.
Ijyb hits you but does no damage.
Casting: Sandblast (safe; 1% risk of failure)
Confirm with . or Enter, or press ? or * to list all spells.
Aiming: Sandblast (safe; 1% risk of failure)
Press: ? - help, Shift-Dir - straight line, f/p - Ijyb
Aim: Ijyb, wielding a +0 club, wearing a +2 chain mail of positive energy and carrying a wand of digging (3) (heavily wounded, 83% to hit)
The blast of sand hits Ijyb but does no damage.
Ijyb is heavily wounded.
Ijyb hits you but does no damage.
Unknown command.
You closely miss Ijyb.
Ijyb is heavily wounded.
You feel less wooden. Ijyb hits you with a +0 club.
* * * LOW HITPOINT WARNING * * *
You hit Ijyb but do no damage. Your grab misses Ijyb. Your squeeze misses Ijyb.
Ijyb is heavily wounded.
Ijyb hits you with a +0 club.
* * * LOW HITPOINT WARNING * * *
You barely miss Ijyb. Your grab misses Ijyb.
Ijyb is heavily wounded.
Ijyb barely misses you. x2
You hit Ijyb but do no damage. Your grab misses Ijyb.
Ijyb is heavily wounded.
Ijyb hits you with a +0 club!
You die...

#........###
#......))########
####....##........##
#.......#########...
...##..### ####
##..## # . ##..##
....#..########
##### #....g@.......
#.).. #.#..#........
#....
.....##........
###.... .#..##
#........ #......
#.. #........
..#.... ...
#####.... ....... .#
.. .... ....... .#
... ....... .#
.......


You could see Ijyb.

Vanquished Creatures
  A scorpion (D:3)
  2 orc priests (D:3)
  An adder (D:3)
  A worm (D:3)
  A dart slug (D:1)
  8 orcs (D:3)
  5 ball pythons
  2 endoplasms (D:1)
  2 goblins
  2 hobgoblins
  3 frilled lizards
  5 kobolds
  A rat (D:1)
34 creatures vanquished.

Notes
Turn   | Place    | Note
-------+----------+-------------------------------------------
     0 | D:1      | Atelerd the Octopode Earth Elementalist began the quest for
                  | the Orb.
     0 | D:1      | Reached XP level 1. HP: 11/11 MP: 3/3
   370 | D:1      | Reached XP level 2. HP: 17/17 MP: 0/5
   434 | D:1      | Found Fywu's Distillery.
  1221 | D:2      | Found a faded altar of an unknown god.
  1534 | D:3      | Noticed Terence
  1534 | D:3      | Noticed Grinder
  1627 | D:3      | Reached skill level 4 in Earth Magic
  1627 | D:3      | Reached XP level 3. HP: 12/21 MP: 0/6
  1731 | D:3      | Noticed a scorpion
  1880 | D:3      | Reached XP level 4. HP: 26/27 MP: 3/7
  1886 | D:3      | Learned a level 4 spell: Petrify
  2071 | D:3      | Killed a scorpion
  2072 | D:3      | Reached XP level 5. HP: 30/31 MP: 1/9
  2426 | D:3      | Noticed Ijyb
  2456 | D:3      | Slain by Ijyb

Illustrated notes

Levels and vault maps discovered:
D:1:      scummos_arrival_gate, layout_basic, serial_shops, shop,
          amcnicky_mini_rare_corridor_liquid
D:2:      layout_rooms, ebering_ecumenical_altar_hall
D:3:      layout_rooms, uniq_terence, uniq_sigmund, uniq_ijyb, uniq_grinder

Skill      XL: |  1  2  3  4  5 |
---------------+----------------+-----
Earth Magic    | 4 |  4.8
Spellcasting   | 3 |  3.0
Transmutations | 2 |  2.0
Stealth        | 3 |  3.0
Fighting       | |  0.1
Short Blades   | |  0.1
Dodging        | |  2.3

Action                   |  1- 3 |  4- 6 || total
-------------------------+-------+-------++-------
Melee: Constrict         |     3 |     2 ||     5
       Tentacles         |     3 |     1 ||     4
       Unarmed           |     1 |       ||     1
       Short sword       |    25 |    43 ||    68
       Punch             |     1 |       ||     1
 Cast: Sandblast         |    31 |    27 ||    58
  Use: Potion            |     3 |     3 ||     6
 Stab: Sleeping          |     1 |       ||     1
Armor: Skin              |    41 |    29 ||    70
Dodge: Dodged            |    13 |    17 ||    30
